 Dungeon Crawl Stone Soup version 0.29-a0-847-g24c0ca63c9 (webtiles) character file.

Game seed: 578161292355718988

46 Malachi the Cudgeller (level 3, -5/31 HPs)
             Began as a Palentonga Fighter on July 16, 2022.
             Slain by Crazy Yiuf
             ... wielding a +3 quarterstaff of chaos
              (14 damage)
             ... on level 2 of the Dungeon.
             The game lasted 00:02:06 (2100 turns).

Malachi the Cudgeller (Palentonga Fighter)          Turns: 2100, Time: 00:02:06

Health: -5/31      AC:  6    Str: 21    XL:     3   Next: 46%
Magic:  12/12      EV:  7    Int:  8    God:
Gold:   128        SH:  4    Dex:  9    Spells: 2/2 levels left

rFire   . . .      SeeInvis +   k - +7 spear "Deamesic" {holy, MP+9}
rCold   . . .      Faith    .   c - +0 buckler
rNeg    . . .      Spirit   .   b - +0 scale mail
rPois   .          Reflect  .   (no helmet)
rElec   .          Harm     .   (no cloak)
rCorr   .          Rampage  .   (no gloves)
Will    .....                   (no barding)
Stlth   ..........              (no amulet)
HPRegen 0.10/turn               (no ring)
MPRegen 0.13/turn               (no ring)

@: no status effects
A: large, rugged brown scales 3, see invisible, deformed body, roll 1, armoured
tail
a: Rolling Charge


You were on level 2 of the Dungeon.
You visited 1 branch of the dungeon, and saw 2 of its levels.

You collected 128 gold pieces.

Inventory:

Hand Weapons
 a - a +0 flail
 k - the +7 spear "Deamesic" (weapon) {holy, MP+9}
   (You found it on level 2 of the Dungeon)

   It has been blessed by the Shining One to cause great damage to the undead
   and demons.
   MP:        It affects your magic capacity (+9).
Armour
 b - a +0 scale mail (worn)
 c - a +0 buckler (worn)
Scrolls
 f - 4 scrolls of identify {unknown}
 g - a scroll of amnesia {unknown}
 h - a scroll of enchant weapon {unknown}
 i - 2 scrolls of blinking {unknown}
 l - a scroll of teleportation {unknown}
 m - a scroll of enchant armour {unknown}
 o - a scroll of fog {unknown}
Potions
 d - a potion of might
 e - a potion of flight {unknown}
 j - a potion of curing {unknown}
 n - a potion of mutation {unknown}


   Skills:
 - Level 3.0 Fighting
 - Level 3.4 Maces & Flails
 * Level 0.7 Polearms
 - Level 2.4 Armour
 - Level 0.5 Dodging
 - Level 0.2 Stealth
 - Level 2.6 Shields


You had 2 spell levels left.
You didn't know any spells.
Your spell library contained the following spells:

 Spells                   Type           Power      Damage    Failure   Level
 Gell's Gravitas          Tloc           0%         N/A       99%         3
 Lesser Beckoning         Tloc           0%         N/A       99%         3
 Teleport Other           Tloc           0%         N/A       99%         3


Dungeon Overview and Level Annotations

Branches:
Dungeon (2/15)

Altars:

Annotations:
D:2 Crazy Yiuf


Innate Abilities, Weirdness & Mutations

You are completely covered in rugged brown scales. (AC +3, +7% HP)
You have supernaturally acute eyesight. (SInv)
Armour fits poorly on your strangely shaped body.
You can roll at nearby foes to attack.
You have a long armoured tail.


Message History

n - a green potion;
o - a scroll labelled NED AM TICA You see here a hobgoblin corpse.
You see here a +0 short sword of venom.
Found a stone staircase leading down.
You see here a hobgoblin corpse.
There is a dry fountain here.
Key pressed, stopping explore.
A bat comes into view.
The bat hits you but does no damage.
A bat is nearby!
You puncture the bat!
You kill the bat!
No target in view!
You see here a +0 club.
There is a stone staircase leading down here.
You open the door.
Found a hammer.
Found a runed translucent door.
Crazy Yiuf shouts!
Crazy Yiuf laughs, "Nubble down tea!"
Could not explore, unopened runed door.
Could not explore, unopened runed door.
You open the door. You barely miss Crazy Yiuf.
Crazy Yiuf hits you with a +3 quarterstaff of chaos!
Crazy Yiuf burns you.
You puncture Crazy Yiuf!
Crazy Yiuf is moderately wounded.
Crazy Yiuf hits you with a +3 quarterstaff of chaos!
Crazy Yiuf burns you.
* * * LOW HITPOINT WARNING * * *
You are too injured to fight recklessly!
You are too injured to fight recklessly!
You are too injured to fight recklessly!
You hit Crazy Yiuf.
Crazy Yiuf is severely wounded.
Crazy Yiuf closely misses you.
You hit Crazy Yiuf.
Crazy Yiuf is severely wounded.
Crazy Yiuf hits you with a +3 quarterstaff of chaos!
You die...

### #.. #.#
##### #..
#)..# #..
#...# #..
... #.# #g#
#.. #@## ###
##.# # #.##
## ##.# ##.
##.## #..
##...# ##.
#....# ##
#....# #
#######+..'#
#######


You could see Crazy Yiuf.

Vanquished Creatures
  An adder (D:2)
  A worm (D:2)
  7 bats
  3 endoplasms
  3 giant cockroaches
  5 goblins
  A hobgoblin (D:2)
  2 quokkas (D:1)
  3 ball pythons
  3 frilled lizards
  3 kobolds
  2 rats
34 creatures vanquished.

Notes
Turn   | Place    | Note
-------+----------+-------------------------------------------
     0 | D:1      | Malachi the Palentonga Fighter began the quest for the Orb.
     0 | D:1      | Reached XP level 1. HP: 19/19 MP: 1/1
   435 | D:1      | Reached XP level 2. HP: 24/25 MP: 2/2
   604 | D:1      | Found a faded altar of an unknown god.
  1082 | D:2      | Reached XP level 3. HP: 7/31 MP: 3/3
  1085 | D:2      | Identified the +7 spear "Deamesic" {holy, MP+9}
  2092 | D:2      | Found a runed translucent door.
  2093 | D:2      | Noticed Crazy Yiuf
  2100 | D:2      | Slain by Crazy Yiuf

Illustrated notes

Levels and vault maps discovered:
D:1:      reono_arrival_mine, layout_basic, hellmonk_ecumenical_altar_zigzags
D:2:      layout_loops_cross, grunt_decor_one_mirror, fountainhead,
          uniq_crazy_yiuf_cottage

Skill      XL: |  1  2 |
---------------+-------+-----
Maces & Flails | 3 |  3.4
Fighting       | |  3.0
Polearms       | |  0.7
Armour         | |  2.4
Dodging        | |  0.5
Stealth        | |  0.2
Shields        | |  2.6

Action                   || total
-------------------------++-------
Melee: Flail             ||    67
       Tailslap          ||     7
       Spear             ||    30
 Abil: Rolling Charge    ||     2
Armor: Scale mail        ||    46
Dodge: Dodged            ||    24
Block: Buckler           ||    12

Table legend: (Time is in decaauts)
 A = Elapsed time spent in this place.
 B = Non-inter-level travel time spent in this place.
 C = Inter-level travel time spent in this place.
 D = Time resting spent in this place.
 E = Time spent auto-exploring this place.
 F = Levels seen in this place.
 G = Mean time per level.
                   A        B        C        D        E       F      G
               +--------+--------+--------+--------+--------+-----+--------+
         Total |   2122 |   2098 |     24 |    230 |   1637 |   2 | 1061.0 |
       Dungeon |   2122 |   2098 |     24 |    230 |   1637 |   2 | 1061.0 |
               +--------+--------+--------+--------+--------+-----+--------+

Top non-repeatable levels by time:
     D:1: 1076 daAuts
     D:2: 1045 daAuts
